 Dungeon Crawl Stone Soup version 0.29.1-2-gbd0b4ee654 (webtiles) character file.

Game seed: 4080698332645371274

57066 Firos the Devastator (level 14, -3/80 HPs)
             Began as a Deep Elf Conjurer on Nov 13, 2022.
             Was a High Priest of Vehumet.
             Slain by a red devil
             ... wielding a +0 trident
              (6 damage)
             ... on level 5 of the Lair of Beasts.
             The game lasted 01:12:05 (22628 turns).

Firos the Devastator (Deep Elf Conjurer)           Turns: 22628, Time: 01:12:06

Health: -3/80      AC:  5    Str:  4    XL:     14   Next: 44%
Magic:  0/33       EV: 16    Int: 35    God:    Vehumet [*****.]
Gold:   349        SH:  0    Dex: 13    Spells: 6/39 levels left

rFire   + + .      SeeInvis .   D - +6 trident "Wiokhiro" {drain, rC+ Int+6}
rCold   + + .      Faith    .   (no shield)
rNeg    . . .      Spirit   .   a - +0 robe
rPois   +          Reflect  .   C - +0 helmet
rElec   +          Harm     .   m - +0 cloak
rCorr   +          Rampage  .   P - +0 pair of gloves {rF+}
Will    +....                   (no boots)
Stlth   ++........              (no amulet)
HPRegen 0.23/turn               z - ring of wizardry
MPRegen 0.23/turn               E - ring of poison resistance

@: resistant, spiked, hasted, very quick
A: no striking features
a: Renounce Religion


You were on level 5 of the Lair of Beasts.
You worshipped Vehumet.
Vehumet was extremely pleased with you.
You visited 3 branches of the dungeon, and saw 17 of its levels.

You collected 1114 gold pieces.
You spent 765 gold pieces at shops.

Inventory:

Hand Weapons
 x - a +2 dagger of protection
 D - the +6 trident "Wiokhiro" (weapon) {drain, rC+ Int+6}
   (You found it on level 6 of the Dungeon)

   A truly terrible weapon, it drains the life of any living foe it strikes.
   Int:       It affects your intelligence (+6).
   rC:        It protects you from cold.
Armour
 a - a +0 robe (worn)
 m - a +0 cloak (worn)
 C - a +0 helmet (worn)
 G - an orb of energy
 J - a +0 kite shield
 P - a +0 pair of gloves of fire resistance (worn)
Jewellery
 e - a ring of flight
 r - a ring of ice
 z - a ring of wizardry (left hand)
 E - a ring of poison resistance (right hand)
 H - a ring of resist corrosion
 O - an amulet of guardian spirit
Wands
 t - a wand of flame (34)
 u - a wand of mindburst (17)
 A - a wand of iceblast (18)
 I - a wand of charming (4)
 K - a wand of polymorph (9)
 R - a wand of digging (3)
Scrolls
 c - 4 scrolls of amnesia
 d - a scroll of brand weapon {unknown}
 g - a scroll of immolation
 h - a scroll of torment
 i - 2 scrolls of fear {unknown}
 j - 2 scrolls of blinking {unknown}
 k - 3 scrolls of fog {unknown}
 l - 2 scrolls of enchant weapon
 n - 3 scrolls of poison
 q - a scroll of acquirement {unknown}
 v - 2 scrolls of noise {unknown}
 y - 2 scrolls of enchant armour {unknown}
 M - 5 scrolls of magic mapping {unknown}
 Q - a scroll of vulnerability {unknown}
 T - a scroll of silence {unknown}
Potions
 o - a potion of might
 p - 3 potions of brilliance
 s - 7 potions of curing
 w - 2 potions of haste
 B - a potion of berserk rage
 F - a potion of cancellation
 L - a potion of mutation
 N - 2 potions of ambrosia
 S - 2 potions of flight


   Skills:
 + Level 6.4 Fighting
 + Level 9.8 Dodging
 - Level 2.4 Stealth
 + Level 13.3 Spellcasting
 * Level 15.8 Conjurations
 + Level 5.5 Necromancy
 - Level 9.6 Translocations
 * Level 10.8 Fire Magic
 + Level 8.4 Evocations


You had 6 spell levels left.
You knew the following spells:

 Your Spells              Type           Power      Damage    Failure   Level
a - Magic Dart            Conj           100%       1d8       0%          1
b - Searing Ray           Conj           100%       2d8       0%          2
c - Blink                 Tloc           100%       N/A       1%          2
d - Dazzling Flash        Conj/Hex       100%       N/A       1%          3
e - Sublimation of Blood  Necr           58%        N/A       1%          2
f - Iskenderun's Mystic   Conj/Tloc      85%        2d17      1%          4
g - Fulminant Prism       Conj/Hex       34%        3d16      1%          4
h - Fireball              Conj/Fire      43%        3d17      1%          5
i - Mephitic Cloud        Conj/Pois/Air  57%        N/A       1%          3
j - Sticky Flame          Conj/Fire      86%        2d10      1%          4
k - Inner Flame           Hex/Fire       57%        N/A       1%          3

Your spell library contained the following spells:

 Spells                   Type           Power      Damage    Failure   Level
 Ozocubu's Refrigeration  Ice            11%        4d10      75%         7
 Foxfire                  Conj/Fire      100%       2x1d9     0%          1
 Conjure Flame            Conj/Fire      86%        6-21      0%          3
 Apportation              Tloc           100%       N/A       1%          1
 Necrotise                Necr           100%       1d9       1%          1
 Sting                    Tmut/Pois      92%        1d7       1%          1
 Summon Small Mammal      Summ           92%        N/A       1%          1
 Ensorcelled Hibernation  Hex/Ice        46%        N/A       1%          2
 Poisonous Vapours        Pois/Air       46%        N/A       1%          2
 Static Discharge         Conj/Air       68%        3-12/arc  1%          2
 Wereblood                Tmut           23%        N/A       1%          2
 Ignite Poison            Fire/Tmut/Pois 48%        N/A       1%          3
 Dispel Undead            Necr           58%        3d21      1%          4
 Flame Wave               Conj/Fire      86%        2d18      1%          4
 Manifold Assault         Tloc           74%        N/A       1%          5
 Spider Form              Tmut/Pois      23%        N/A       2%          3
 Summon Guardian Golem    Hex/Summ       23%        N/A       2%          3
 Anguish                  Hex/Necr       21%        N/A       2%          4
 Olgreb's Toxic Radiance  Pois           23%        N/A       2%          4
 Summon Lightning Spire   Summ/Air       23%        N/A       8%          4
 Alistair's Intoxication  Tmut/Pois      15%        N/A       21%         5
 Orb of Destruction       Conj           47%        9d12      1%          7
 Spellforged Servitor     Conj/Summ      34%        N/A       7%          7
 Fire Storm               Conj/Fire      43%        8d11      54%         9
 Storm Form               Tmut/Air       11%        N/A       99%         7
 Summon Hydra             Summ           11%        N/A       99%         7
 Maxwell's Capacitive Co  Air            11%        ∞         100%        8


Dungeon Overview and Level Annotations

Branches:
Dungeon (11/15)            Temple (1/1) D:4            Lair (5/5) D:11
  Swamp (0/4) Lair:2       Spider (0/4) Lair:2        Slime (0/5) Lair:5
    Orc (0/2) D:9

Altars:
Ashenzari
Cheibriados
Elyvilon
Fedhas
Gozag
Hepliaklqana
Makhleb
Nemelex Xobeh
Okawaru
Qazlal
Ru
Trog
Uskayaw
Vehumet
Wu Jian
Yredelemnul
Zin
The Shining One
Jiyva

Shops:
D:2 ?   D:4 **

Portals:
Hell: Lair:5


Message History

The hell hound bites you.
* * * LOW HITPOINT WARNING * * *
You feel better.
The red devil hits you with a +0 trident!
* * * LOW HITPOINT WARNING * * *
Barbed spikes become lodged in your body.
The orange demon stings you but does no damage.
Casting: Blink (safe; 1% risk of failure)
Confirm with . or Enter, or press ? or * to list all spells.
You blink.
The hell hound breathes flames at you.
The blast of flame hits the sun demon.
The sun demon completely resists.
The blast of flame hits the hell hound.
The hell hound completely resists.
The blast of flame hits you. You resist.
* * * LOW HITPOINT WARNING * * *
As you read the scroll labelled PEUSHA FUUNEADE, it crumbles to dust.
The creatures around you are filled with an inner flame!
It was a scroll of immolation.
The hell hound breathes flames at you. The blast of flame misses you.
The orange demon stings you from afar.
* * * LOW HITPOINT WARNING * * *
You are lethally poisoned!
The orange demon poisons you!
Okay, then.
You feel better. The hell hound breathes flames at you.
The blast of flame hits you. You resist.
* * * LOW HITPOINT WARNING * * *
The orange demon stings you but does no damage.
Okay, then.
As you read the scroll labelled ABEDOM DALAIX, it crumbles to dust.
Your body is wracked with pain!
* * * LOW HITPOINT WARNING * * *
It was a scroll of torment.
As you read the scroll labelled SINLYI MONWUZ, it crumbles to dust.
It is a scroll of enchant weapon.
Really abort (and waste the scroll)?
Okay, then.
The red devil hits you from afar with a +0 trident.
You die...

..♣ ♣....†..♣♣♣ ♣ .
♣♣.....†).♣♣♣ ♣♣♣.........
♣♣...♣P♣♣ #########4♣♣♣
#........#♣ +...8.84.#
≈###############..8.#..4#
#§§≈≈≈≈≈..h4@...#...8.#..#
#§§≈≈§....h3....#..#.8...#
#≈§§≈§§§..44....'...#.8..#
≈≈≈≈§≈§..h.....#..8.8)..#
#§≈≈≈§§§≈≈≈.....#........#
#≈≈≈≈≈§≈≈≈≈≈≈#############
#≈≈≈§≈≈≈≈≈≈≈§≈§
################


You could see a sun demon (inner flame), an orange demon (inner flame), a
hellwing (inner flame), a red devil (inner flame) and 3 hell hounds.

Vanquished Creatures
  A spark wasp (Lair:4)
  9 hydras
  A boulder beetle (Lair:4)
  4 centaur warriors (D:11)
  3 two-headed ogres
  Erica (Lair:2)
  10 death yaks
  Nergalle (Lair:1)
  Pikel (D:6)
  A wizard (Lair:5)
  The ghost of zurenarrh the Grappler, a novice DrTm of Nemelex Xobeh (D:5)
  A cyclops (D:11)
  A manticore (D:11)
  4 elephants (Lair:4)
  4 black mambas
  Joseph (D:10)
  17 cane toads
  Maggie (D:10)
  3 torpor snails (Lair:5)
  A gargoyle (D:11)
  4 rime drakes
  An orange demon (Lair:5)
  A freezing wraith (D:11)
  7 komodo dragons
  An ice devil (Lair:5)
  3 meliai (D:9)
  A polar bear (Lair:4)
  4 trolls
  A meliai (shapeshifter) (D:11)
  A hornet (D:11)
  18 blink frogs
  7 dream sheep (Lair:5)
  3 shadows
  3 culicivoras (Lair:2)
  3 wyverns
  A vampire (D:11)
  42 yaks
  3 wraiths
  2 basilisks (D:11)
  A redback (shapeshifter) (D:11)
  An acid dragon (D:9)
  20 water moccasins
  Pargi (D:3)
  An ice beast (D:7)
  11 orc warriors
  3 black bears
  An ogre (D:5)
  3 phantoms
  11 wolves
  5 centaurs
  4 lemures (D:6)
  8 bullfrogs
  A gnoll sergeant (D:10)
  A necrophage (D:8)
  5 scorpions
  11 wights
  A vampire bat (Lair:3)
  6 killer bees (D:8)
  6 howler monkeys
  An electric eel (D:9)
  7 hounds
  9 orc priests
  5 jellies (Lair:5)
  Crazy Yiuf (D:2)
  2 iguanas
  Ijyb (D:5)
  16 orc wizards
  13 hell rats
  3 gnolls (D:10)
  8 adders
  13 river rats (Lair:1)
  A shadow imp (D:6)
  A white imp (D:6)
  An ufetubus (D:6)
  4 worms
  2 dart slugs
  38 orcs
  5 ball pythons
  12 bats
  5 endoplasms
  A giant cockroach (D:2)
  7 goblins
  5 hobgoblins
  3 kobolds
  12 quokkas
  A frilled lizard (D:1)
  14 rats
  2 bushes
466 creatures vanquished.

Vanquished Creatures (collateral kills)
  An elephant (Lair:4)
1 creature vanquished.

Vanquished Creatures (others)
  2 river rats (Lair:1)
  15 fulminant prisms
  86 fungi
  134 plants
237 creatures vanquished.

Grand Total: 704 creatures vanquished

Notes
Turn   | Place    | Note
-------+----------+-------------------------------------------
     0 | D:1      | Firos the Deep Elf Conjurer began the quest for the Orb.
     0 | D:1      | Reached XP level 1. HP: 10/10 MP: 6/6
   180 | D:1      | Reached XP level 2. HP: 15/15 MP: 5/8
   183 | D:1      | Learned a level 2 spell: Searing Ray
   251 | D:1      | Found a faded altar of an unknown god.
   536 | D:1      | Learned a level 2 spell: Blink
   708 | D:2      | Reached skill level 5 in Conjurations
   778 | D:2      | Reached XP level 3. HP: 19/19 MP: 6/10
   782 | D:2      | Learned a level 3 spell: Dazzling Flash
   906 | D:2      | Reached skill level 1 in Translocations
  1032 | D:2      | Found a runed translucent door.
  1033 | D:2      | Noticed Crazy Yiuf
  1122 | D:2      | Found Folar's Magic Scroll Boutique.
  1156 | D:2      | Bought a scroll of identify for 22 gold pieces
  1156 | D:2      | Bought a scroll of identify for 22 gold pieces
  1437 | D:2      | Reached XP level 4. HP: 24/24 MP: 8/12
  1635 | D:2      | Killed Crazy Yiuf
  1828 | D:3      | Noticed Pargi
  1847 | D:3      | Killed Pargi
  1848 | D:3      | Reached skill level 6 in Conjurations
  1848 | D:3      | Reached XP level 5. HP: 12/28 MP: 11/14
  2127 | D:3      | Found a faded altar of an unknown god.
  2130 | D:3      | Found a burning altar of Makhleb.
  2626 | D:3      | Reached skill level 5 in Spellcasting
  2626 | D:3      | Reached XP level 6. HP: 32/32 MP: 8/15
  2629 | D:3      | Learned a level 2 spell: Sublimation of Blood
  2634 | D:3      | Learned a level 4 spell: Iskenderun's Mystic Blast
  2888 | D:4      | Found Tyxtumiv's Neck Hole.
  2909 | D:4      | Found Kothraof's Fire Supplies.
  3198 | D:4      | Found a staircase to the Ecumenical Temple.
  3259 | Temple   | Entered the Ecumenical Temple
  3272 | Temple   | Became a worshipper of Vehumet
  3333 | D:4      | Reached skill level 7 in Conjurations
  3832 | D:5      | Entered Level 5 of the Dungeon
  3879 | D:5      | Reached XP level 7. HP: 35/36 MP: 11/17
  3988 | D:5      | Found a runed translucent door.
  3994 | D:5      | Noticed zurenarrh's ghost (novice DrTm)
  4189 | D:5      | Reached skill level 8 in Conjurations
  4364 | D:5      | Found a hazy altar of Hepliaklqana.
  4491 | D:5      | Noticed Ijyb
  4501 | D:5      | Killed Ijyb
  4615 | D:5      | Reached XP level 8. HP: 41/41 MP: 13/20
  4823 | D:5      | Found a bloodstained altar of Trog.
  4824 | D:5      | Found a stormy altar of Qazlal.
  5067 | D:6      | Reached skill level 5 in Translocations
  5114 | D:6      | Reached skill level 9 in Conjurations
  5157 | D:6      | Noticed a troll
  5164 | D:6      | Killed a troll
  5433 | D:6      | Reached skill level 10 in Conjurations
  5498 | D:6      | Identified the +6 trident "Wiokhiro" {drain, rC+ Int+6}
  5506 | D:6      | Learned a level 4 spell: Fulminant Prism
  5635 | D:6      | Noticed Pikel
  5655 | D:6      | Killed Pikel
  5656 | D:6      | Reached XP level 9. HP: 42/45 MP: 2/23
  6056 | D:5      | Found a white marble altar of Elyvilon.
  6904 | D:7      | Reached skill level 11 in Conjurations
  6995 | D:7      | Reached skill level 1 in Evocations
  7571 | D:8      | Reached * piety under Vehumet
  7571 | D:8      | Offered knowledge of Shock by Vehumet.
  7572 | D:8      | Reached skill level 1 in Fighting
  7716 | D:8      | Noticed a two-headed ogre
  7725 | D:8      | Killed a two-headed ogre
  7843 | D:8      | Reached XP level 10. HP: 53/53 MP: 16/25
  8888 | D:4      | Bought the Essays on Combustion for 560 gold pieces
  8894 | D:4      | Learned a level 5 spell: Fireball
  8942 | D:5      | Killed zurenarrh's ghost
  9127 | D:9      | Reached skill level 1 in Fire Magic
  9201 | D:8      | Reached ** piety under Vehumet
  9488 | D:9      | Offered knowledge of Static Discharge by Vehumet.
  9584 | D:9      | Identified the +5 trident of a Hundred Dreams {antimagic,
                  | rC- rN++ Dex+8 Stlth-}
  9859 | D:9      | Reached skill level 12 in Conjurations
  9959 | D:9      | Reached skill level 10 in Spellcasting
  9962 | D:9      | Reached skill level 5 in Dodging
 10313 | D:9      | Found a snail-covered altar of Cheibriados.
 10765 | D:9      | Offered knowledge of Mephitic Cloud by Vehumet.
 10770 | D:9      | Learned a level 3 spell: Mephitic Cloud
 10954 | D:9      | Found a staircase to the Orcish Mines.
 11152 | D:9      | Found a glowing golden altar of the Shining One.
 11279 | D:10     | Entered Level 10 of the Dungeon
 11283 | D:10     | Reached XP level 11. HP: 60/60 MP: 15/27
 11285 | D:10     | Reached *** piety under Vehumet
 11423 | D:10     | Noticed Maggie
 11427 | D:10     | Killed Maggie
 11568 | D:10     | Noticed Joseph
 11571 | D:10     | Killed Joseph
 11826 | D:10     | Found a glowing silver altar of Zin.
 11842 | D:10     | Offered knowledge of Sticky Flame by Vehumet.
 11848 | D:10     | Learned a level 4 spell: Sticky Flame
 12360 | D:11     | Found a broken altar of Ashenzari.
 12799 | D:11     | Found a staircase to the Lair.
 12883 | D:11     | Reached skill level 13 in Conjurations
 13046 | D:11     | Noticed a two-headed ogre
 13048 | D:11     | Killed a two-headed ogre
 13049 | D:11     | Reached skill level 5 in Fire Magic
 13049 | D:11     | Reached skill level 5 in Evocations
 13251 | D:11     | Noticed a four-headed hydra
 13255 | D:11     | Killed a four-headed hydra
 13276 | D:11     | Reached **** piety under Vehumet
 13418 | D:11     | Noticed a two-headed ogre
 13423 | D:11     | Killed a two-headed ogre
 13547 | D:11     | Noticed a centaur warrior
 13549 | D:11     | Killed a centaur warrior
 13556 | D:11     | Reached XP level 12. HP: 51/66 MP: 5/29
 13712 | D:11     | Identified the +6 falchion "Paasithe" {flame, Int+2}
 13712 | D:11     | Noticed a centaur warrior
 13714 | D:11     | Noticed a centaur warrior
 13715 | D:11     | Killed a centaur warrior
 13717 | D:11     | Offered knowledge of Yara's Violent Unravelling by Vehumet.
 13717 | D:11     | Noticed a centaur warrior
 13723 | D:11     | Killed a centaur warrior
 13948 | D:11     | Noticed a four-headed hydra
 13951 | D:11     | Killed a four-headed hydra
 14260 | D:11     | Killed a centaur warrior
 14775 | D:11     | Learned a level 3 spell: Inner Flame
 14789 | Lair:1   | Entered Level 1 of the Lair of Beasts
 15003 | D:4      | Bought a +0 pair of gloves of fire resistance for 161 gold
                  | pieces
 15305 | Lair:1   | Reached skill level 14 in Conjurations
 15590 | Lair:1   | Noticed Nergalle
 15594 | Lair:1   | Killed Nergalle
 15912 | Lair:1   | Reached skill level 5 in Fighting
 16621 | Lair:1   | Reached ***** piety under Vehumet
 16621 | Lair:1   | Offered knowledge of Iskenderun's Battlesphere by Vehumet.
 17141 | Lair:2   | Noticed an eight-headed hydra
 17146 | Lair:2   | Noticed Erica
 17457 | Lair:2   | Reached skill level 1 in Necromancy
 17545 | Lair:2   | Found a hole to the Spider Nest.
 17647 | Lair:2   | Found a staircase to the Swamp.
 17664 | Lair:2   | Killed an eight-headed hydra
 17670 | Lair:2   | Reached XP level 13. HP: 72/72 MP: 7/31
 18001 | Lair:2   | Killed Erica
 19416 | Lair:4   | Noticed a spark wasp
 19416 | Lair:4   | a boulder beetle changed into a spark wasp
 19523 | Lair:4   | Killed a spark wasp
 20006 | Lair:4   | Reached skill level 15 in Conjurations
 20554 | Lair:5   | Entered Level 5 of the Lair of Beasts
 20567 | Lair:5   | Offered knowledge of Ozocubu's Refrigeration by Vehumet.
 20832 | Lair:4   | Reached skill level 10 in Fire Magic
 20997 | Lair:5   | Reached XP level 14. HP: 7/80 MP: 10/32
 21964 | Lair:5   | Found a staircase to the Slime Pits.
 21964 | Lair:5   | Found a viscous altar of Jiyva.
 21993 | Lair:5   | Reached skill level 5 in Necromancy
 22619 | Lair:5   | Found a gateway to Hell.
 22619 | Lair:5   | Found a burning altar of Makhleb.
 22625 | Lair:5   | HP: 2/80 [orange demon (3)]
 22628 | Lair:5   | Slain by a red devil

Illustrated notes

Levels and vault maps discovered:
D:1:      scummos_arrival_simple_fountains, layout_basic, serial_curves,
          eino_curves_04, eino_curves_01, basic_ecumenical_altar
D:2:      layout_rooms, serial_shops,
          nicolae_shop_temple_entry_statues_fountains, palyth_stone_intersect,
          minivault_19, roderic_roman_lattice, minmay_ruptured,
          uniq_crazy_yiuf_cottage
D:3:      layout_loops_ring, nicolae_overflow_ecumenical_swirl, uniq_pargi
D:4:      layout_loops_cross, temple_doors_ab, nicolae_shop_fire_sale
          [nicolae_sub_dead_trees], serial_bayou_lagoon_a,
          nicolae_shop_sticking_my_neck_out
D:5:      layout_rooms, nicolae_overflow_hidden_temple,
          mainiacjoe_overflow_concentric_impassable, ebering_ghost_sewer_d,
          serial_bayou_crossing, uniq_ijyb
D:6:      layout_rooms, minmay_misc_feat_secret_circle, uniq_pikel
D:7:      layout_loops_ring, eino_tiny_chamber, minmay_misc_feat_rugged,
          mrwooster_statue_mirror, patterned_corridor
D:8:      layout_gridville
D:9:      layout_rooms, nicolae_overflow_crystal_walls, kennysheep_mini_moat,
          erik_orc_2
D:10:     layout_basic, lemuel_crystal_altar, enter_bailey_6, uniq_joseph,
          uniq_maggie
D:11:     minmay_the_grid_triangle_9x9_rhombus_thin
          [minmay_the_grid_triangle_9x9_flanged_cone,
          minmay_the_grid_triangle_9x9_prize_schism,
          minmay_the_grid_triangle_9x9_cache,
          minmay_the_grid_triangle_9x9_alien], layout_loops_cross,
          due_lair_maze_entry_diamond, nicolae_ashenzari_skybound
Temple:   zaba_magenta_temple
Lair:1:   lemuel_ratsnest, layout_chaotic_city, lemuel_old_faithful,
          uniq_nergalle
Lair:2:   layout_gridlike, minmay_swamp_entry_reptiles,
          hellmonk_spider_entry_life_and_decay, uniq_erica
Lair:3:   layout_misc_corridors, st_stairs_3, roderic_batcave, minivault_24
Lair:4:   layout_loops_ring
Lair:5:   evil_forest, layout_loops_ring, nicolae_slime_entry_slimehenge,
          lightli_volcano_entry_magma_tube, grunt_megastairs_3

Skill      XL: |  1  2  3  4  5  6  7  8  9 10 11 12 13 14 |
---------------+-------------------------------------------+-----
Conjurations   | 5 6 7 8 10 11 12 13 14 15 | 15.8
Translocations | 1 2 3 4 6 7 8 9 |  9.6
Spellcasting   | 4 5 6 8 9 10 11 12 13 | 13.3
Evocations     | 2 4 5 6 7 8 |  8.4
Dodging        | 4 5 6 8 9 |  9.8
Fighting       | 1 3 4 5 6 |  6.4
Fire Magic     | 3 6 8 10 | 10.8
Necromancy     | 1 4 5 |  5.5
Stealth        | |  2.4

Action                   |  1- 3 |  4- 6 |  7- 9 | 10-12 | 13-15 || total
-------------------------+-------+-------+-------+-------+-------++-------
Melee: Trident           |       |       |     1 |     9 |     1 ||    11
 Cast: Magic Dart        |    65 |    61 |   117 |   161 |    25 ||   429
       Searing Ray       |       |    10 |    33 |    27 |     6 ||    76
       Blink             |       |     1 |     1 |     2 |     8 ||    12
       Sublimation of Bl |       |       |     1 |    11 |     2 ||    14
       Iskenderun's Myst |       |       |    13 |    30 |    34 ||    77
       Fulminant Prism   |       |       |     3 |    11 |     1 ||    15
       Fireball          |       |       |       |   169 |   117 ||   286
       Mephitic Cloud    |       |       |       |     1 |       ||     1
       Inner Flame       |       |       |       |     4 |     3 ||     7
       Dazzling Flash    |       |       |       |     2 |       ||     2
Evoke: Wand              |       |       |     7 |    10 |     5 ||    22
  Use: Scroll            |     3 |     2 |     2 |     9 |     9 ||    25
       Potion            |       |     2 |     2 |     4 |     5 ||    13
 Stab: Invisible         |       |       |       |     1 |       ||     1
Armor: Robe              |     1 |     5 |     9 |    10 |     4 ||    29
Dodge: Dodged            |     2 |    20 |    24 |    51 |    36 ||   133
